[ PARTIDA AOE2 · #480993404 ]
Team RMEspañoles vs Vietnamese
[ ANÁLISIS DE REPETICIÓN · EXTRAÍDO DE LA PARTIDA GRABADA ]
Feudal
17:34
Castillos
24:29
Imperial
—
| APM promedio | 27.5 |
| APM pico | 57 |
| eAPM promedio | 16.1 |
| Aldeanos / militares | 165 / 57 |
Foco
⚔️ 22.6% · 🌾 77.4%
Trade Cog ×25 · Archer ×24 · Fishing Ship ×22 · Conquistador ×16 · Transport Ship ×7 · Fire Galley ×3
Feudal
14:43
Castillos
35:01
Imperial
—
| APM promedio | 14.0 |
| APM pico | 42 |
| eAPM promedio | 9.3 |
| Aldeanos / militares | 61 / 99 |
Foco
⚔️ 17.4% · 🌾 82.6%
Archer ×46 · Militia ×31 · Skirmisher ×9 · Organ Gun ×7 · Battering Ram ×6 · Fishing Ship ×4
Feudal
18:47
Castillos
44:18
Imperial
—
| APM promedio | 14.8 |
| APM pico | 76 |
| eAPM promedio | 4.6 |
| Aldeanos / militares | 30 / 32 |
Foco
⚔️ 23.3% · 🌾 76.7%
Fishing Ship ×14 · Archer ×13 · Skirmisher ×12 · Fire Lancer ×4 · Fire Galley ×3
Feudal
15:25
Castillos
23:28
Imperial
41:39
| APM promedio | 15.8 |
| APM pico | 58 |
| eAPM promedio | 10.0 |
| Aldeanos / militares | 93 / 131 |
Foco
⚔️ 30.4% · 🌾 69.6%
Knight ×73 · Scorpion ×41 · Fishing Ship ×11 · Demolition Raft ×4 · Tarkan ×4 · Trebuchet (Packed) ×4
Feudal
16:11
Castillos
29:03
Imperial
—
| APM promedio | 17.1 |
| APM pico | 65 |
| eAPM promedio | 11.8 |
| Aldeanos / militares | 85 / 134 |
Foco
⚔️ 48.7% · 🌾 51.3%
Spearman ×42 · Chu Ko Nu ×29 · Scout Cavalry ×16 · Battering Ram ×11 · Knight ×10 · Fire Lancer ×9
Feudal
18:09
Castillos
31:00
Imperial
48:30
| APM promedio | 9.3 |
| APM pico | 35 |
| eAPM promedio | 8.0 |
| Aldeanos / militares | 108 / 22 |
Foco
⚔️ 23.9% · 🌾 76.1%
Unknown (1968) ×64 · Militia ×18 · Fishing Ship ×10 · Trade Cart ×7 · Fire Galley ×4
Mapa de la partida
Recursos al inicio + cada clic de construcción. Línea gruesa = muro · recuadro discontinuo = muro de casas detectado. 🟡 oro · ⚪ piedra · 🟢 bayas · 🔶 jabalí · ⭕ reliquia
Inputs por minuto
— Lucky2tap - - cdaniel.jr98
Build order — Lucky2tap
Primeras 150 de 325 acciones detectadas
| 1:19 | Construir | Town Center |
| 1:58 | Construir | Dock |
| 2:34 | Construir | House |
| 2:35 | Construir | House |
| 3:42 | Crear | Villager (Male) |
| 3:42 | Crear | Villager (Male) |
| 3:42 | Crear | Villager (Male) |
| 3:43 | Crear | Villager (Male) |
| 3:43 | Crear | Villager (Male) |
| 4:39 | Crear | Villager (Male) |
| 5:27 | Crear | Villager (Male) |
| 5:44 | Crear | Villager (Male) |
| 6:14 | Crear | Villager (Male) |
| 6:35 | Crear | Villager (Male) |
| 7:02 | Crear | Villager (Male) |
| 7:07 | Construir | House |
| 7:08 | Construir | House |
| 7:16 | Construir | Palisade Wall |
| 7:22 | Crear | Villager (Male) |
| 7:54 | Crear | Villager (Male) |
| 8:02 | Crear | Fishing Ship |
| 8:56 | Crear | Villager (Male) |
| 8:57 | Crear | Villager (Male) |
| 8:57 | Crear | Villager (Male) |
| 9:26 | Construir | Lumber Camp |
| 9:33 | Crear | Villager (Male) |
| 9:33 | Crear | Villager (Male) |
| 9:54 | Construir | House |
| 10:15 | Crear | Villager (Male) |
| 10:20 | Crear | Fishing Ship |
| 10:26 | Construir | House |
| 10:30 | Construir | House |
| 10:31 | Construir | House |
| 10:55 | Crear | Fishing Ship |
| 11:04 | Construir | House |
| 11:11 | Crear | Fishing Ship |
| 11:25 | Construir | House |
| 11:29 | Investigar | Loom |
| 11:29 | Investigar | Loom |
| 11:46 | Construir | House |
| 11:48 | Construir | House |
| 11:49 | Construir | House |
| 12:08 | Crear | Fishing Ship |
| 12:12 | Crear | Villager (Male) |
| 12:12 | Crear | Villager (Male) |
| 12:13 | Crear | Villager (Male) |
| 12:29 | Construir | Dock |
| 12:36 | Construir | House |
| 12:38 | Construir | House |
| 12:57 | Crear | Fishing Ship |
| 13:18 | Construir | Building 796 |
| 13:24 | Crear | Villager (Male) |
| 13:24 | Crear | Villager (Male) |
| 13:33 | Construir | Lumber Camp |
| 13:41 | Crear | Fishing Ship |
| 14:00 | Crear | Villager (Male) |
| 14:01 | Crear | Villager (Male) |
| 14:07 | Crear | Fishing Ship |
| 14:30 | Crear | Fishing Ship |
| 14:35 | Crear | Fishing Ship |
| 14:57 | Construir | Palisade Wall |
| 15:10 | Construir | House |
| 15:11 | Construir | House |
| 15:12 | Construir | House |
| 15:14 | Construir | House |
| 15:15 | Construir | House |
| 15:15 | Construir | House |
| 15:24 | Investigar | Feudal Age |
| 15:52 | Crear | Fishing Ship |
| 15:52 | Crear | Fishing Ship |
| 15:54 | Crear | Fishing Ship |
| 16:03 | Crear | Fishing Ship |
| 16:03 | Crear | Fishing Ship |
| 16:34 | Construir | Mill |
| 16:42 | Construir | House |
| 16:43 | Construir | House |
| 16:44 | Construir | House |
| 16:46 | Construir | House |
| 17:00 | Crear | Fishing Ship |
| 17:15 | Crear | Fishing Ship |
| 17:34 | Edad | Edad Feudal |
| 17:36 | Investigar | Wheelbarrow |
| 17:36 | Investigar | Wheelbarrow |
| 17:37 | Investigar | Double-Bit Axe |
| 18:06 | Construir | Mining Camp |
| 18:29 | Crear | Fishing Ship |
| 18:38 | Construir | Dock |
| 18:51 | Investigar | Tech 906 |
| 18:51 | Investigar | Tech 906 |
| 19:16 | Construir | Lumber Camp |
| 19:25 | Crear | Fishing Ship |
| 19:44 | Crear | Villager (Male) |
| 19:45 | Crear | Villager (Male) |
| 19:46 | Crear | Villager (Male) |
| 20:18 | Construir | Blacksmith |
| 20:22 | Construir | Barracks |
| 20:25 | Crear | Villager (Male) |
| 20:37 | Crear | Fishing Ship |
| 20:38 | Crear | Fishing Ship |
| 20:42 | Crear | Fishing Ship |
| 20:55 | Investigar | Fletching |
| 20:55 | Investigar | Padded Archer Armor |
| 21:10 | Construir | Archery Range |
| 21:24 | Crear | Villager (Male) |
| 21:36 | Investigar | Gold Mining |
| 21:41 | Investigar | Castle Age |
| 21:41 | Investigar | Castle Age |
| 21:44 | Construir | Archery Range |
| 22:01 | Crear | Fire Galley |
| 22:02 | Crear | Fire Galley |
| 22:11 | Crear | Galley |
| 22:12 | Crear | Galley |
| 22:27 | Crear | Archer |
| 22:27 | Crear | Archer |
| 22:39 | Construir | Lumber Camp |
| 22:48 | Crear | Archer |
| 23:15 | Crear | Unit 2626 |
| 23:15 | Crear | Unit 2626 |
| 23:17 | Crear | Galley |
| 24:17 | Crear | Fire Galley |
| 24:29 | Edad | Edad de los Castillos |
| 24:37 | Investigar | Gillnets |
| 24:41 | Investigar | Thumb Ring |
| 24:45 | Investigar | Hand Cart |
| 24:48 | Investigar | Bow Saw |
| 25:00 | Construir | Town Center |
| 25:16 | Investigar | Bodkin Arrow |
| 25:17 | Investigar | Leather Archer Armor |
| 27:12 | Construir | Town Center |
| 28:04 | Construir | Town Center |
| 28:20 | Construir | House |
| 29:37 | Crear | Villager (Male) ×5 |
| 29:38 | Crear | Villager (Male) ×5 |
| 29:52 | Crear | Villager (Male) ×5 |
| 29:52 | Crear | Villager (Male) ×5 |
| 29:52 | Crear | Villager (Male) ×5 |
| 29:52 | Crear | Villager (Male) ×5 |
| 30:35 | Construir | Town Center |
| 30:56 | Crear | Villager (Male) |
| 30:56 | Crear | Villager (Male) |
| 30:56 | Crear | Villager (Male) |
| 30:57 | Crear | Villager (Male) |
| 32:01 | Crear | Transport Ship |
| 32:01 | Crear | Transport Ship |
| 32:02 | Crear | Transport Ship |
| 32:06 | Crear | Transport Ship |
| 32:07 | Crear | Transport Ship |
| 32:07 | Crear | Transport Ship |
| 32:07 | Crear | Transport Ship |
| 33:35 | Construir | Town Center |
Build order — cdaniel.jr98
Primeras 150 de 186 acciones detectadas
| 0:49 | Construir | Town Center |
| 2:21 | Construir | House |
| 2:26 | Construir | House |
| 2:27 | Construir | House |
| 3:00 | Crear | Villager (Male) |
| 3:01 | Crear | Villager (Male) |
| 3:01 | Crear | Villager (Male) |
| 3:01 | Crear | Villager (Male) |
| 3:01 | Crear | Villager (Male) |
| 3:26 | Construir | House |
| 3:27 | Construir | House |
| 4:08 | Investigar | Loom |
| 4:26 | Crear | Villager (Male) |
| 5:01 | Crear | Villager (Male) |
| 5:48 | Crear | Villager (Male) |
| 5:48 | Crear | Villager (Male) |
| 6:16 | Crear | Villager (Male) |
| 6:51 | Crear | Villager (Male) |
| 7:38 | Construir | Mill |
| 7:41 | Crear | Villager (Male) |
| 7:42 | Crear | Villager (Male) |
| 8:16 | Crear | Villager (Male) |
| 8:16 | Crear | Villager (Male) |
| 8:57 | Crear | Villager (Male) |
| 9:28 | Construir | Dock |
| 10:35 | Crear | Villager (Male) |
| 10:35 | Crear | Villager (Male) |
| 12:33 | Investigar | Feudal Age |
| 12:46 | Construir | Mill |
| 13:23 | Construir | Mill |
| 14:11 | Construir | Barracks |
| 14:43 | Edad | Edad Feudal |
| 15:06 | Investigar | Wheelbarrow |
| 15:13 | Crear | Villager (Male) ×5 |
| 15:14 | Crear | Villager (Male) ×4 |
| 15:51 | Investigar | Man-at-Arms (upgrade) |
| 16:15 | Construir | Mining Camp |
| 16:27 | Construir | Mining Camp |
| 17:15 | Crear | Villager (Male) |
| 17:16 | Crear | Villager (Male) |
| 17:29 | Construir | Archery Range |
| 17:56 | Crear | Militia ×2 |
| 18:16 | Construir | Archery Range |
| 18:41 | Crear | Archer |
| 18:55 | Construir | Lumber Camp |
| 19:13 | Crear | Villager (Male) |
| 19:13 | Crear | Villager (Male) |
| 19:27 | Construir | House |
| 19:28 | Construir | House |
| 19:29 | Construir | House |
| 19:30 | Construir | House |
| 19:31 | Construir | House |
| 19:39 | Construir | House |
| 19:39 | Construir | House |
| 19:40 | Construir | House |
| 20:31 | Crear | Archer ×5 |
| 20:43 | Construir | Farm |
| 21:03 | Construir | Farm |
| 21:27 | Construir | Farm |
| 21:46 | Construir | Farm |
| 22:12 | Construir | Farm |
| 22:21 | Construir | Farm |
| 22:25 | Investigar | Double-Bit Axe |
| 22:44 | Construir | Farm |
| 23:02 | Crear | Villager (Male) |
| 23:15 | Crear | Villager (Male) |
| 23:22 | Construir | Farm |
| 23:22 | Construir | Farm |
| 23:31 | Crear | Archer |
| 23:33 | Crear | Archer |
| 23:43 | Construir | Farm |
| 23:57 | Investigar | Horse Collar |
| 24:06 | Crear | Villager (Male) |
| 24:28 | Crear | Militia |
| 24:28 | Crear | Militia |
| 24:40 | Crear | Villager (Male) |
| 24:52 | Crear | Fishing Ship |
| 24:53 | Crear | Fishing Ship |
| 25:00 | Crear | Villager (Male) |
| 25:11 | Construir | Farm |
| 25:11 | Construir | Farm |
| 25:12 | Construir | Farm |
| 25:19 | Crear | Villager (Male) |
| 25:27 | Construir | Farm |
| 25:33 | Crear | Militia |
| 25:33 | Crear | Militia |
| 25:43 | Construir | Watch Tower |
| 25:47 | Construir | Watch Tower |
| 26:42 | Crear | Villager (Male) |
| 26:42 | Crear | Villager (Male) |
| 26:49 | Crear | Villager (Male) |
| 26:52 | Crear | Militia ×4 |
| 27:08 | Construir | Farm |
| 27:09 | Construir | Farm |
| 27:10 | Construir | Farm |
| 27:10 | Construir | Farm |
| 27:21 | Crear | Villager (Male) |
| 27:27 | Crear | Militia |
| 27:32 | Crear | Archer ×5 |
| 27:33 | Crear | Skirmisher ×4 |
| 27:48 | Crear | Archer ×2 |
| 27:56 | Construir | Watch Tower |
| 28:51 | Construir | Market |
| 29:01 | Crear | Villager (Male) |
| 29:01 | Crear | Villager (Male) |
| 29:08 | Crear | Fishing Ship |
| 29:08 | Crear | Fishing Ship |
| 29:14 | Construir | House |
| 29:18 | Construir | House |
| 29:22 | Construir | House |
| 29:23 | Construir | House |
| 29:24 | Construir | House |
| 29:26 | Construir | House |
| 29:32 | Crear | Villager (Male) |
| 29:36 | Crear | Villager (Male) |
| 29:44 | Crear | Militia ×5 |
| 31:16 | Construir | Blacksmith |
| 31:57 | Construir | Farm |
| 32:21 | Investigar | Castle Age |
| 32:28 | Investigar | Arson |
| 32:29 | Crear | Militia ×5 |
| 32:35 | Crear | Archer ×5 |
| 32:37 | Crear | Skirmisher ×5 |
| 32:53 | Construir | Stone Wall |
| 33:20 | Investigar | Padded Archer Armor |
| 33:21 | Investigar | Fletching |
| 33:39 | Construir | Building 665 |
| 34:03 | Crear | Archer |
| 34:32 | Construir | House |
| 34:34 | Construir | House |
| 34:36 | Construir | House |
| 34:37 | Construir | House |
| 34:38 | Construir | House |
| 34:39 | Construir | House |
| 34:39 | Construir | House |
| 34:40 | Construir | House |
| 34:41 | Construir | House |
| 35:01 | Edad | Edad de los Castillos |
| 35:05 | Investigar | Hand Cart |
| 35:15 | Construir | Castle |
| 35:43 | Construir | Stone Wall |
| 36:00 | Construir | Siege Workshop |
| 36:31 | Investigar | Long Swordsman (upgrade) |
| 36:38 | Investigar | Thumb Ring |
| 36:40 | Investigar | Crossbowman (upgrade) |
| 37:01 | Crear | Villager (Male) ×5 |
| 37:09 | Crear | Villager (Male) |
| 37:16 | Crear | Battering Ram |
| 37:36 | Crear | Militia ×5 |
| 37:55 | Crear | Villager (Male) |
Build order — GR EU NATO
123 acciones detectadas en el replay
| 4:16 | Construir | Town Center |
| 6:24 | Crear | Villager (Male) |
| 6:24 | Crear | Villager (Male) |
| 6:25 | Crear | Villager (Male) |
| 6:25 | Crear | Villager (Male) |
| 6:25 | Crear | Villager (Male) |
| 6:36 | Construir | House |
| 6:38 | Construir | House |
| 7:56 | Crear | Villager (Male) |
| 8:38 | Crear | Villager (Male) |
| 8:38 | Crear | Villager (Male) |
| 9:07 | Crear | Villager (Male) |
| 9:32 | Crear | Villager (Male) |
| 9:55 | Crear | Villager (Male) |
| 10:12 | Crear | Villager (Male) |
| 10:37 | Crear | Villager (Male) |
| 10:40 | Crear | Villager (Male) |
| 11:19 | Construir | Lumber Camp |
| 11:29 | Crear | Villager (Male) |
| 11:30 | Crear | Villager (Male) |
| 11:49 | Construir | House |
| 11:51 | Construir | House |
| 11:53 | Construir | House |
| 12:17 | Crear | Villager (Male) |
| 12:17 | Crear | Villager (Male) |
| 12:18 | Crear | Villager (Male) |
| 12:18 | Crear | Villager (Male) |
| 15:26 | Construir | Mining Camp |
| 16:37 | Investigar | Feudal Age |
| 17:12 | Construir | Dock |
| 18:06 | Crear | Fishing Ship |
| 18:07 | Crear | Fishing Ship |
| 18:08 | Crear | Fishing Ship |
| 18:08 | Crear | Fishing Ship |
| 18:09 | Crear | Fishing Ship |
| 18:47 | Edad | Edad Feudal |
| 18:51 | Investigar | Double-Bit Axe |
| 19:08 | Crear | Fishing Ship |
| 19:08 | Crear | Fishing Ship |
| 19:17 | Investigar | Gold Mining |
| 20:15 | Construir | Stone Wall |
| 20:44 | Investigar | Tech 906 |
| 20:45 | Crear | Fishing Ship |
| 20:46 | Crear | Fishing Ship |
| 20:47 | Crear | Fishing Ship |
| 21:17 | Construir | Watch Tower |
| 22:15 | Construir | Barracks |
| 22:41 | Investigar | Stone Mining |
| 23:20 | Construir | Archery Range |
| 23:30 | Construir | House |
| 23:31 | Construir | House |
| 23:33 | Construir | House |
| 23:35 | Construir | House |
| 24:05 | Construir | Lumber Camp |
| 24:55 | Construir | Blacksmith |
| 25:31 | Construir | Fish Trap |
| 25:37 | Construir | Fish Trap |
| 25:54 | Crear | Fire Galley |
| 25:54 | Crear | Fire Galley |
| 25:55 | Crear | Fire Galley |
| 26:11 | Construir | Watch Tower |
| 26:49 | Crear | Skirmisher |
| 26:49 | Crear | Skirmisher |
| 26:49 | Crear | Skirmisher |
| 26:49 | Crear | Skirmisher |
| 26:50 | Crear | Skirmisher |
| 27:29 | Construir | Stone Wall |
| 29:01 | Crear | Villager (Male) |
| 29:02 | Crear | Villager (Male) |
| 29:02 | Crear | Villager (Male) |
| 29:02 | Crear | Villager (Male) |
| 29:02 | Crear | Villager (Male) |
| 29:03 | Crear | Villager (Male) |
| 29:03 | Crear | Villager (Male) |
| 29:03 | Crear | Villager (Male) |
| 29:04 | Crear | Villager (Male) |
| 29:40 | Construir | Stone Wall |
| 31:42 | Crear | Fishing Ship |
| 31:42 | Crear | Fishing Ship |
| 32:29 | Construir | Fish Trap |
| 32:41 | Crear | Fishing Ship |
| 33:33 | Construir | Fish Trap |
| 34:40 | Crear | Fishing Ship |
| 35:05 | Crear | Villager (Male) |
| 35:28 | Construir | Fish Trap |
| 36:13 | Crear | Archer |
| 36:14 | Crear | Archer |
| 36:14 | Crear | Archer |
| 36:15 | Crear | Archer |
| 37:18 | Construir | Mill |
| 38:01 | Construir | Farm |
| 38:12 | Construir | Farm |
| 38:26 | Construir | Farm |
| 38:33 | Investigar | Horse Collar |
| 39:56 | Construir | Market |
| 40:57 | Construir | Farm |
| 41:38 | Investigar | Castle Age |
| 44:18 | Edad | Edad de los Castillos |
| 45:00 | Construir | Castle |
| 45:46 | Crear | Fire Lancer |
| 45:47 | Crear | Fire Lancer |
| 45:54 | Crear | Fire Lancer |
| 45:54 | Crear | Fire Lancer |
| 46:00 | Investigar | Fletching |
| 46:07 | Investigar | Crossbowman (upgrade) |
| 46:10 | Investigar | Thumb Ring |
| 46:14 | Crear | Archer |
| 46:15 | Crear | Archer |
| 46:15 | Crear | Archer |
| 46:15 | Crear | Archer |
| 46:16 | Crear | Archer |
| 46:16 | Crear | Archer |
| 46:16 | Crear | Archer |
| 46:17 | Crear | Archer |
| 46:17 | Crear | Archer |
| 46:24 | Crear | Skirmisher |
| 46:24 | Crear | Skirmisher |
| 46:24 | Crear | Skirmisher |
| 46:25 | Crear | Skirmisher |
| 46:25 | Crear | Skirmisher |
| 46:25 | Crear | Skirmisher |
| 46:26 | Crear | Skirmisher |
| 49:08 | Construir | Town Center |
Build order — Koko
Primeras 150 de 271 acciones detectadas
| 2:16 | Construir | Town Center |
| 4:13 | Crear | Villager (Male) |
| 4:13 | Crear | Villager (Male) |
| 4:28 | Crear | Villager (Male) |
| 4:58 | Crear | Villager (Male) |
| 4:58 | Crear | Villager (Male) |
| 5:25 | Crear | Villager (Male) |
| 6:06 | Crear | Villager (Male) |
| 6:06 | Crear | Villager (Male) |
| 6:41 | Crear | Villager (Male) |
| 7:28 | Crear | Villager (Male) |
| 7:28 | Crear | Villager (Male) |
| 7:32 | Crear | Villager (Male) |
| 7:42 | Construir | Lumber Camp |
| 8:07 | Crear | Villager (Male) |
| 8:41 | Crear | Villager (Male) |
| 9:06 | Crear | Villager (Male) |
| 9:41 | Crear | Villager (Male) |
| 10:02 | Crear | Villager (Male) |
| 10:11 | Construir | Dock |
| 11:01 | Crear | Fishing Ship |
| 11:06 | Crear | Villager (Male) |
| 11:07 | Crear | Villager (Male) |
| 11:48 | Crear | Villager (Male) |
| 11:54 | Crear | Fishing Ship |
| 12:18 | Crear | Villager (Male) |
| 12:32 | Crear | Fishing Ship |
| 12:35 | Crear | Fishing Ship |
| 12:47 | Crear | Villager (Male) |
| 13:15 | Investigar | Feudal Age |
| 13:26 | Crear | Fishing Ship |
| 13:47 | Construir | Mining Camp |
| 14:18 | Crear | Fishing Ship |
| 14:18 | Crear | Fishing Ship |
| 14:51 | Crear | Fishing Ship |
| 15:25 | Edad | Edad Feudal |
| 15:53 | Construir | Mill |
| 15:57 | Crear | Villager (Male) |
| 15:57 | Crear | Villager (Male) |
| 15:58 | Crear | Villager (Male) |
| 16:02 | Investigar | Double-Bit Axe |
| 16:06 | Crear | Demolition Raft |
| 16:06 | Crear | Demolition Raft |
| 16:12 | Construir | Fish Trap |
| 16:36 | Construir | Farm |
| 16:37 | Construir | Farm |
| 16:39 | Construir | Farm |
| 16:58 | Crear | Fishing Ship |
| 17:12 | Construir | Farm |
| 17:22 | Crear | Villager (Male) |
| 17:50 | Crear | Villager (Male) |
| 18:02 | Construir | Fish Trap |
| 18:05 | Construir | Fish Trap |
| 18:24 | Construir | Blacksmith |
| 18:33 | Construir | Barracks |
| 18:37 | Crear | Villager (Male) |
| 18:38 | Crear | Villager (Male) |
| 18:50 | Crear | Demolition Raft |
| 18:58 | Construir | Fish Trap |
| 19:18 | Crear | Demolition Raft |
| 19:27 | Construir | Fish Trap |
| 19:59 | Construir | Market |
| 20:05 | Crear | Villager (Male) |
| 20:05 | Crear | Villager (Male) |
| 20:16 | Construir | Fish Trap |
| 20:21 | Investigar | Tech 906 |
| 20:38 | Construir | Fish Trap |
| 20:48 | Investigar | Castle Age |
| 21:02 | Construir | Mining Camp |
| 21:21 | Construir | Lumber Camp |
| 21:36 | Investigar | Gold Mining |
| 21:40 | Investigar | Stone Mining |
| 22:29 | Construir | Lumber Camp |
| 22:42 | Crear | Villager (Male) |
| 22:42 | Crear | Villager (Male) |
| 23:10 | Construir | Dock |
| 23:28 | Edad | Edad de los Castillos |
| 23:58 | Construir | Town Center |
| 24:06 | Crear | Villager (Male) |
| 24:20 | Crear | Fishing Ship |
| 24:20 | Crear | Fishing Ship |
| 24:25 | Construir | Fish Trap |
| 24:43 | Crear | Villager (Male) |
| 24:45 | Crear | Villager (Male) |
| 25:26 | Construir | Stable |
| 25:42 | Construir | Town Center |
| 26:23 | Construir | Farm |
| 26:26 | Crear | Villager (Male) |
| 26:27 | Crear | Villager (Male) |
| 26:28 | Crear | Villager (Male) |
| 26:28 | Crear | Villager (Male) |
| 26:28 | Crear | Villager (Male) |
| 26:28 | Crear | Villager (Male) |
| 26:29 | Crear | Villager (Male) |
| 26:31 | Crear | Villager (Male) |
| 26:33 | Crear | Villager (Male) |
| 26:53 | Construir | Stable |
| 26:55 | Crear | Knight |
| 26:56 | Crear | Knight |
| 26:58 | Crear | Villager (Male) |
| 26:58 | Crear | Villager (Male) |
| 28:17 | Construir | Castle |
| 28:26 | Crear | Villager (Male) |
| 28:26 | Crear | Villager (Male) |
| 28:26 | Crear | Villager (Male) |
| 28:34 | Construir | Monastery |
| 28:37 | Crear | Villager (Male) |
| 28:38 | Crear | Villager (Male) |
| 28:39 | Investigar | Wheelbarrow |
| 28:41 | Crear | Villager (Male) |
| 28:41 | Crear | Villager (Male) |
| 28:41 | Crear | Villager (Male) |
| 28:51 | Construir | Farm |
| 28:52 | Construir | Farm |
| 28:52 | Construir | Farm |
| 28:53 | Construir | Farm |
| 28:53 | Construir | Farm |
| 29:05 | Construir | Farm |
| 29:06 | Construir | Farm |
| 29:07 | Construir | Farm |
| 29:08 | Construir | Farm |
| 29:12 | Crear | Villager (Male) |
| 29:13 | Crear | Villager (Male) |
| 29:44 | Crear | Villager (Male) |
| 29:44 | Crear | Villager (Male) |
| 29:45 | Crear | Villager (Male) |
| 29:58 | Crear | Knight |
| 29:58 | Crear | Knight |
| 30:27 | Construir | Castle |
| 31:15 | Crear | Knight ×5 |
| 31:55 | Crear | Villager (Male) |
| 31:56 | Crear | Villager (Male) |
| 31:58 | Crear | Monk |
| 31:59 | Crear | Monk |
| 32:01 | Crear | Villager (Male) |
| 32:01 | Crear | Villager (Male) |
| 32:02 | Crear | Villager (Male) |
| 32:10 | Construir | Farm |
| 32:10 | Construir | Farm |
| 32:11 | Construir | Farm |
| 32:11 | Construir | Farm |
| 32:11 | Construir | Farm |
| 32:11 | Construir | Farm |
| 32:12 | Construir | Farm |
| 32:12 | Construir | Farm |
| 32:12 | Construir | Farm |
| 32:15 | Crear | Villager (Male) |
| 32:16 | Crear | Villager (Male) |
| 32:18 | Crear | Villager (Male) |
| 32:18 | Crear | Villager (Male) |
Build order — Bolverkr
Primeras 150 de 318 acciones detectadas
| 0:49 | Construir | Town Center |
| 3:48 | Investigar | Loom |
| 3:56 | Construir | House |
| 3:57 | Construir | House |
| 4:23 | Crear | Villager (Male) |
| 5:23 | Crear | Villager (Male) |
| 5:23 | Crear | Villager (Male) |
| 5:23 | Crear | Villager (Male) |
| 6:11 | Crear | Villager (Male) |
| 6:11 | Crear | Villager (Male) |
| 6:12 | Crear | Villager (Male) |
| 6:12 | Crear | Villager (Male) |
| 7:21 | Construir | Lumber Camp |
| 7:38 | Crear | Villager (Male) |
| 7:38 | Crear | Villager (Male) |
| 7:38 | Crear | Villager (Male) |
| 7:39 | Crear | Villager (Male) |
| 8:12 | Crear | Villager (Male) |
| 8:13 | Crear | Villager (Male) |
| 8:55 | Crear | Villager (Male) |
| 8:55 | Crear | Villager (Male) |
| 9:26 | Crear | Villager (Male) |
| 9:26 | Crear | Villager (Male) |
| 9:26 | Crear | Villager (Male) |
| 9:59 | Construir | Mill |
| 10:08 | Crear | Villager (Male) |
| 10:08 | Crear | Villager (Male) |
| 10:53 | Crear | Villager (Male) |
| 10:53 | Crear | Villager (Male) |
| 11:09 | Crear | Villager (Male) |
| 11:09 | Crear | Villager (Male) |
| 11:54 | Construir | Farm |
| 12:02 | Construir | Barracks |
| 12:13 | Construir | House |
| 12:15 | Construir | House |
| 12:16 | Construir | House |
| 12:21 | Crear | Villager (Male) |
| 12:22 | Crear | Villager (Male) |
| 12:29 | Construir | Farm |
| 13:16 | Construir | Farm |
| 13:30 | Construir | Farm |
| 14:01 | Investigar | Feudal Age |
| 14:49 | Crear | Villager (Male) |
| 14:50 | Crear | Villager (Male) |
| 15:04 | Construir | Mining Camp |
| 15:49 | Construir | Farm |
| 16:04 | Construir | Farm |
| 16:11 | Edad | Edad Feudal |
| 16:15 | Investigar | Horse Collar |
| 16:27 | Investigar | Double-Bit Axe |
| 16:30 | Investigar | Wheelbarrow |
| 16:36 | Construir | Farm |
| 16:40 | Construir | Farm |
| 16:47 | Construir | Farm |
| 16:50 | Construir | Farm |
| 17:03 | Investigar | Town Watch |
| 17:09 | Crear | Villager (Male) |
| 17:10 | Crear | Villager (Male) |
| 17:40 | Construir | Dock |
| 17:46 | Crear | Villager (Male) |
| 17:46 | Crear | Villager (Male) |
| 17:50 | Investigar | Stone Mining |
| 18:16 | Construir | Stone Wall |
| 18:45 | Crear | Fishing Ship |
| 18:46 | Crear | Fishing Ship |
| 19:09 | Construir | Farm |
| 19:35 | Crear | Villager (Male) |
| 19:35 | Crear | Villager (Male) |
| 19:35 | Crear | Villager (Male) |
| 19:49 | Crear | Spearman |
| 19:49 | Crear | Spearman |
| 19:50 | Crear | Spearman |
| 19:57 | Crear | Villager (Male) |
| 19:57 | Crear | Villager (Male) |
| 20:05 | Construir | Stable |
| 20:09 | Construir | Archery Range |
| 20:25 | Construir | Building 487 |
| 20:38 | Crear | Fishing Ship |
| 20:38 | Crear | Fishing Ship |
| 20:51 | Construir | House |
| 20:53 | Construir | House |
| 20:54 | Construir | House |
| 20:55 | Construir | House |
| 20:56 | Construir | House |
| 21:11 | Crear | Skirmisher |
| 21:12 | Crear | Skirmisher |
| 21:13 | Crear | Skirmisher |
| 21:13 | Crear | Skirmisher |
| 21:25 | Investigar | Gold Mining |
| 21:29 | Crear | Villager (Male) |
| 21:29 | Crear | Villager (Male) |
| 22:02 | Crear | Scout Cavalry |
| 22:06 | Construir | Farm |
| 22:21 | Crear | Villager (Male) |
| 22:21 | Crear | Villager (Male) |
| 22:21 | Crear | Villager (Male) |
| 22:22 | Crear | Villager (Male) |
| 22:22 | Crear | Villager (Male) |
| 22:30 | Crear | Scout Cavalry |
| 22:30 | Crear | Scout Cavalry |
| 22:47 | Construir | Stone Wall |
| 22:56 | Construir | Stone Wall |
| 23:02 | Construir | Building 665 |
| 23:08 | Crear | Villager (Male) |
| 23:09 | Crear | Villager (Male) |
| 23:09 | Crear | Villager (Male) |
| 23:27 | Construir | House |
| 23:28 | Construir | House |
| 23:29 | Construir | House |
| 23:31 | Construir | House |
| 23:38 | Construir | Blacksmith |
| 24:17 | Investigar | Bloodlines |
| 24:57 | Construir | Farm |
| 25:02 | Construir | Farm |
| 25:38 | Construir | Stone Wall |
| 26:21 | Investigar | Castle Age |
| 26:29 | Crear | Scout Cavalry |
| 26:30 | Crear | Scout Cavalry |
| 27:23 | Crear | Fire Galley |
| 27:23 | Crear | Fire Galley |
| 27:28 | Crear | Unit 2626 |
| 28:35 | Crear | Scout Cavalry |
| 28:35 | Crear | Scout Cavalry |
| 28:36 | Crear | Scout Cavalry |
| 28:52 | Construir | Stone Wall |
| 29:03 | Edad | Edad de los Castillos |
| 29:09 | Investigar | Hand Cart |
| 29:22 | Investigar | Husbandry |
| 29:38 | Investigar | Fletching |
| 29:38 | Investigar | Forging |
| 29:45 | Construir | University |
| 29:58 | Construir | Town Center |
| 30:15 | Investigar | Town Patrol |
| 30:28 | Construir | Siege Workshop |
| 31:11 | Construir | Town Center |
| 31:14 | Crear | Battering Ram |
| 31:14 | Crear | Battering Ram |
| 32:11 | Construir | Castle |
| 32:37 | Crear | Villager (Male) |
| 32:37 | Crear | Villager (Male) |
| 32:38 | Crear | Villager (Male) |
| 32:38 | Crear | Villager (Male) |
| 32:38 | Crear | Villager (Male) |
| 32:40 | Crear | Villager (Male) |
| 32:40 | Crear | Villager (Male) |
| 32:40 | Crear | Villager (Male) |
| 32:40 | Crear | Villager (Male) |
| 32:41 | Crear | Villager (Male) |
| 32:41 | Crear | Villager (Male) |
| 32:41 | Crear | Villager (Male) |
Build order — OFLOCA
Primeras 150 de 268 acciones detectadas
| 2:26 | Construir | Town Center |
| 4:49 | Construir | Dock |
| 5:35 | Construir | House |
| 5:40 | Construir | House |
| 5:44 | Crear | Villager (Male) |
| 5:44 | Crear | Villager (Male) |
| 5:45 | Crear | Villager (Male) |
| 5:45 | Crear | Villager (Male) |
| 7:19 | Crear | Villager (Male) |
| 7:19 | Crear | Villager (Male) |
| 7:20 | Crear | Villager (Male) |
| 7:55 | Crear | Villager (Male) |
| 7:56 | Crear | Villager (Male) |
| 8:27 | Crear | Villager (Male) |
| 8:27 | Crear | Villager (Male) |
| 9:11 | Crear | Villager (Male) |
| 9:24 | Construir | Mill |
| 9:35 | Crear | Villager (Male) |
| 9:36 | Crear | Villager (Male) |
| 10:56 | Crear | Villager (Male) |
| 10:56 | Crear | Villager (Male) |
| 11:04 | Investigar | Loom |
| 11:06 | Crear | Villager (Male) |
| 11:08 | Crear | Fishing Ship |
| 11:38 | Construir | House |
| 11:43 | Construir | House |
| 11:53 | Crear | Villager (Male) |
| 13:22 | Crear | Villager (Male) |
| 13:36 | Construir | Mining Camp |
| 13:49 | Crear | Villager (Male) |
| 13:53 | Crear | Fishing Ship |
| 13:53 | Crear | Fishing Ship |
| 14:22 | Crear | Villager (Male) |
| 15:59 | Investigar | Feudal Age |
| 16:00 | Crear | Villager (Male) |
| 16:01 | Crear | Villager (Male) |
| 16:01 | Crear | Villager (Male) |
| 16:01 | Crear | Villager (Male) |
| 16:12 | Crear | Fishing Ship |
| 16:29 | Construir | House |
| 16:34 | Construir | House |
| 17:19 | Construir | Barracks |
| 17:32 | Crear | Villager (Male) |
| 17:40 | Crear | Fishing Ship |
| 18:09 | Edad | Edad Feudal |
| 18:26 | Construir | Lumber Camp |
| 19:47 | Construir | Farm |
| 19:49 | Construir | Farm |
| 20:18 | Investigar | Wheelbarrow |
| 20:25 | Investigar | Double-Bit Axe |
| 20:55 | Crear | Villager (Male) |
| 20:56 | Crear | Villager (Male) |
| 20:56 | Crear | Villager (Male) |
| 21:15 | Construir | Farm |
| 21:19 | Construir | Farm |
| 21:25 | Construir | Farm |
| 21:26 | Construir | Farm |
| 21:28 | Construir | Farm |
| 21:45 | Investigar | Horse Collar |
| 22:02 | Construir | Farm |
| 22:16 | Crear | Villager (Male) |
| 22:40 | Construir | Farm |
| 22:43 | Construir | Farm |
| 22:45 | Construir | Farm |
| 22:47 | Construir | Farm |
| 22:48 | Construir | Farm |
| 22:58 | Crear | Villager (Male) |
| 22:59 | Crear | Villager (Male) |
| 23:01 | Crear | Villager (Male) |
| 23:26 | Construir | House |
| 23:32 | Construir | House |
| 23:49 | Construir | Market |
| 24:01 | Crear | Villager (Male) |
| 24:12 | Construir | Blacksmith |
| 24:25 | Construir | Mining Camp |
| 24:54 | Investigar | Man-at-Arms (upgrade) |
| 24:55 | Crear | Militia ×5 |
| 24:56 | Crear | Militia ×5 |
| 24:56 | Crear | Militia ×5 |
| 25:25 | Construir | Fish Trap |
| 25:27 | Construir | Fish Trap |
| 25:28 | Construir | Fish Trap |
| 25:29 | Construir | Fish Trap |
| 26:05 | Crear | Villager (Male) |
| 26:06 | Crear | Villager (Male) |
| 26:06 | Crear | Villager (Male) |
| 26:41 | Investigar | Gold Mining |
| 26:42 | Investigar | Stone Mining |
| 26:52 | Construir | House |
| 26:53 | Construir | House |
| 26:55 | Construir | House |
| 27:19 | Crear | Fishing Ship |
| 27:19 | Investigar | Tech 906 |
| 27:21 | Crear | Fishing Ship |
| 27:21 | Crear | Fishing Ship |
| 27:21 | Crear | Fishing Ship |
| 27:22 | Crear | Fishing Ship |
| 28:08 | Construir | Mill |
| 28:12 | Construir | Farm |
| 28:20 | Investigar | Castle Age |
| 29:07 | Construir | Fish Trap |
| 29:44 | Construir | Dock |
| 30:02 | Crear | Militia |
| 30:02 | Crear | Militia |
| 30:03 | Crear | Militia |
| 30:10 | Investigar | Forging |
| 30:10 | Investigar | Scale Mail Armor |
| 30:12 | Investigar | Padded Archer Armor |
| 30:12 | Investigar | Fletching |
| 30:48 | Crear | Trade Cart |
| 30:48 | Crear | Trade Cart |
| 30:49 | Crear | Trade Cart |
| 30:49 | Crear | Trade Cart |
| 30:59 | Construir | Farm |
| 31:00 | Edad | Edad de los Castillos |
| 31:10 | Construir | House |
| 31:10 | Construir | House |
| 31:13 | Construir | House |
| 31:18 | Crear | Villager (Male) |
| 31:18 | Crear | Villager (Male) |
| 31:19 | Crear | Villager (Male) |
| 31:19 | Crear | Villager (Male) |
| 31:20 | Crear | Villager (Male) |
| 32:24 | Crear | Fire Galley |
| 32:24 | Crear | Fire Galley |
| 32:25 | Crear | Fire Galley |
| 32:26 | Crear | Fire Galley |
| 32:43 | Construir | Castle |
| 33:24 | Investigar | Bow Saw |
| 33:54 | Investigar | Heavy Plow |
| 34:09 | Construir | Farm |
| 34:24 | Crear | Villager (Male) ×5 |
| 34:25 | Crear | Villager (Male) ×5 |
| 34:34 | Investigar | Iron Casting |
| 34:35 | Investigar | Iron Casting |
| 34:36 | Investigar | Leather Archer Armor |
| 34:37 | Investigar | Bodkin Arrow |
| 34:38 | Investigar | Chain Mail Armor |
| 35:15 | Construir | Town Center |
| 35:31 | Construir | Town Center |
| 35:38 | Crear | Unit 1968 |
| 35:38 | Crear | Unit 1968 |
| 36:30 | Investigar | Gold Shaft Mining |
| 36:31 | Investigar | Stone Shaft Mining |
| 37:02 | Construir | Town Center |
| 37:13 | Crear | Villager (Male) ×5 |
| 37:13 | Crear | Villager (Male) ×5 |
| 37:13 | Crear | Villager (Male) ×5 |
| 37:14 | Crear | Villager (Male) ×5 |
| 38:02 | Crear | Villager (Male) |
Cronología de la partida
| 1:58 | Lucky2tap · first_building Dock |
| 4:49 | OFLOCA · first_building Dock |
| 7:16 | Lucky2tap · wall_segment Palisade Wall x3 |
| 9:28 | cdaniel.jr98 · first_building Dock |
| 10:11 | Koko · first_building Dock |
| 12:02 | Bolverkr · first_building Barracks |
| 14:11 | cdaniel.jr98 · first_building Barracks |
| 14:43 | cdaniel.jr98 · age_up feudal |
| 14:57 | Lucky2tap · wall_segment Palisade Wall x3 |
| 15:25 | Koko · age_up feudal |
| 16:11 | Bolverkr · age_up feudal |
| 17:12 | GR EU NATO · first_building Dock |
| 17:19 | OFLOCA · first_building Barracks |
| 17:29 | cdaniel.jr98 · first_building Archery Range |
| 17:34 | Lucky2tap · age_up feudal |
| 17:40 | Bolverkr · first_building Dock |
| 18:09 | OFLOCA · age_up feudal |
| 18:16 | Bolverkr · wall_segment Stone Wall x11 |
| 18:33 | Koko · first_building Barracks |
| 18:47 | GR EU NATO · age_up feudal |
| 20:05 | Bolverkr · first_building Stable |
| 20:09 | Bolverkr · first_building Archery Range |
| 20:15 | GR EU NATO · wall_segment Stone Wall x26 |
| 20:22 | Lucky2tap · first_building Barracks |
| 21:10 | Lucky2tap · first_building Archery Range |
| 22:15 | GR EU NATO · first_building Barracks |
| 22:47 | Bolverkr · wall_segment Stone Wall x13 |
| 22:56 | Bolverkr · wall_segment Stone Wall x5 |
| 23:20 | GR EU NATO · first_building Archery Range |
| 23:28 | Koko · age_up castle |
| 24:29 | Lucky2tap · age_up castle |
| 25:26 | Koko · first_building Stable |
| 25:38 | Bolverkr · wall_segment Stone Wall x5 |
| 27:29 | GR EU NATO · wall_segment Stone Wall x20 |
| 28:17 | Koko · first_building Castle |
| 28:34 | Koko · first_building Monastery |
| 28:52 | Bolverkr · wall_segment Stone Wall x8 |
| 29:03 | Bolverkr · age_up castle |
| 29:40 | GR EU NATO · wall_segment Stone Wall x1 |
| 30:28 | Bolverkr · first_building Siege Workshop |
| 31:00 | OFLOCA · age_up castle |
| 32:11 | Bolverkr · first_building Castle |
| 32:43 | OFLOCA · first_building Castle |
| 32:53 | cdaniel.jr98 · wall_segment Stone Wall x10 |
| 34:55 | Lucky2tap · first_building Castle |
| 35:01 | cdaniel.jr98 · age_up castle |
| 35:15 | cdaniel.jr98 · first_building Castle |
| 35:43 | cdaniel.jr98 · wall_segment Stone Wall x22 |
| 36:00 | cdaniel.jr98 · first_building Siege Workshop |
| 37:42 | Koko · first_building Siege Workshop |
| 39:52 | Lucky2tap · first_building Monastery |
| 41:18 | GR EU NATO · first_market_buy 100 food |
| 41:39 | Koko · age_up imperial |
| 41:59 | cdaniel.jr98 · wall_segment Stone Wall x11 |
| 42:30 | Lucky2tap · first_building Siege Workshop |
| 43:54 | OFLOCA · first_building Archery Range |
| 44:03 | OFLOCA · first_building Siege Workshop |
| 44:18 | GR EU NATO · age_up castle |
| 45:00 | GR EU NATO · first_building Castle |
| 48:30 | OFLOCA · age_up imperial |
| 49:35 | cdaniel.jr98 · resign |
[ ANÁLISIS IA · 1 CRÉDITO ]
¿Qué pasó realmente en esta partida?
Wolo.gg analiza cada decisión: build order, eco, micro, errores típicos por bracket. Análisis personalizado por WhatsApp o Discord en 30 segundos.
Guía civ
Españoles
Guía mapa
Nomad
Perfil
Lucky2tap